 Dungeon Crawl Stone Soup version 0.19.0-23-gf02e663 (webtiles) character file.

3297 Nimsei the Carver (level 9, -3/69 HPs)
             Began as a Demonspawn Gladiator on Nov 20, 2016.
             Was an Elder of Ru.
             Slain by an ogre
             ... wielding a +0 giant club
              (6 damage)
             ... on level 9 of the Dungeon.
             The game lasted 00:46:32 (7308 turns).

Nimsei the Carver (Demonspawn Gladiator)            Turns: 7308, Time: 00:46:33

Health: -3/69      AC: 14    Str: 24    XL:     9   Next: 70%
Magic:  9/9        EV: 11    Int:  9    God:    Ru [****..]
Gold:   203        SH:  0    Dex: 15    Spells: 0 memorised, 8 levels left

rFire  . . .     SeeInvis .     h - +0 short sword (venom)
rCold  . . .     Gourm    .     e - +0 chain mail
rNeg   . . .     Faith    .     (no shield)
rPois  .         Spirit   .     j - +0 helmet
rElec  .         Reflect  .     r - +0 cloak
rCorr  .         Harm     .     (no gloves)
MR     .....                    (no boots)
Stlth  ..........               (no amulet)
                                v - ring "Dauqoukh" {MR- EV+1 Str+6 Stlth+}
                                u - ring of protection from magic

@: drained
A: claws 1, thin metallic scales 1, demonic guardian 1, mutation resistance 1,
powered by death 1, inability to use devices, no earth magic, no hexes magic, no
summoning magic
a: Draw Out Power, Power Leap, Renounce Religion


You were on level 9 of the Dungeon.
You worshipped Ru.
Ru was greatly pleased with you.
You were not hungry.

You visited 3 branches of the dungeon, and saw 11 of its levels.

You collected 315 gold pieces.
You spent 112 gold pieces at shops.

Inventory:

Hand Weapons
 g - a +0 scimitar
 h - a +0 short sword of venom (weapon)
 w - a +3 battleaxe of freezing
 x - a +0 mace of protection
Missiles
 d - 3 throwing nets (quivered)
Armour
 e - a +0 chain mail (worn)
 j - a +0 helmet (worn)
 r - a +0 cloak (worn)
Jewellery
 u - a ring of protection from magic (left claw)
 v - the ring "Dauqoukh" (right claw) {MR- EV+1 Str+6 Stlth+}
   (You found it on level 5 of the Dungeon)

   [ring of evasion]

   It affects your evasion (+1).
   It affects your strength (+6).
   It affects your resistance to hostile enchantments.
   It makes you more stealthy.
Scrolls
 b - 5 scrolls of remove curse
 c - 2 scrolls of blinking {unknown}
 l - a scroll of identify
 o - 3 scrolls of magic mapping
 p - 3 scrolls of amnesia
 y - a scroll of immolation
Potions
 a - a potion of haste {unknown}
 q - 2 potions of flight
Comestibles
 f - 5 bread rations
 i - 4 meat rations
 k - 3 chunks of flesh


   Skills:
 + Level 6.0(5.7) Fighting
 + Level 0.6(5.5) Short Blades
 + Level 9.2(8.9) Long Blades
 + Level 1.8(1.6) Throwing
 + Level 5.8(5.5) Armour
 + Level 4.2(4.0) Dodging
 + Level 2.4(2.2) Stealth


You had 8 spell levels left.
You didn't know any spells.

Dungeon Overview and Level Annotations

Branches:
Dungeon (9/15)             Temple (1/1) D:7             Orc (1/2) D:9
   Lair: D:8-11

Altars:
Ashenzari
Cheibriados
Dithmenos
Elyvilon
Fedhas
Gozag
Hepliaklqana
Kikubaaqudgha
Makhleb
Nemelex Xobeh
Okawaru
Qazlal
Ru
Sif Muna
Trog
Vehumet
Xom
Yredelemnul
Zin
The Shining One
Beogh

Shops:
D:7 }   D:8 (

Annotations:
Orc:1 Nergalle


Innate Abilities, Weirdness & Mutations

You have sharp fingernails.
You are partially covered in thin metallic scales. (AC +2)
A weak demonic guardian rushes to your aid.
You regenerate a little health from kills.
You cannot study or use magical devices.
You cannot study or cast Earth magic.
You cannot study or cast Hexes magic.
You cannot study or cast Summoning magic.
You are somewhat resistant to further mutation.


Message History

The spectral orc knight hits you with a long sword.
* * * LOW HITPOINT WARNING * * *
You feel drained.
* * * LOW HITPOINT WARNING * * *
The orc hits something with a club.
You climb upwards.
Welcome back to the Dungeon!
There is a staircase to the Orcish Mines here.
You are too injured to fight recklessly!
You are too injured to fight recklessly!
You hit the orc warrior but do no damage.
The orc warrior is poisoned.
The orc warrior is lightly wounded.
The orc warrior hits you with a war axe!
* * * LOW HITPOINT WARNING * * *
You focus your will and blind the orc warrior in retribution!
You hit the orc warrior.
The orc warrior looks as sick as possible!
The orc warrior is heavily wounded.
The ogre hits you with a giant club.
You die...

###)# #.#
#####[#####.#####..
#...[)...>......<.#
#.#................
####.....####.########
#.....8.....#.#
.#......5....#.###
........o........#
..8...O@....8....##
...................
.#...........#...##
#.....8.....#.....
####.....#### ..
###.### #..# #.## ..


You could see an orc warrior (blind), an ogre and a friendly quasit.

Vanquished Creatures
  An ugly thing (D:8)
  A troll (D:9)
  A two-headed ogre (D:9)
  A wyvern (D:9)
  A warg (D:9)
  A black bear (D:7)
  An orc warrior (D:9)
  A sky beast (D:6)
  An ice beast (D:7)
  A phantom (D:8)
  An ogre (D:8)
  2 wolves (D:9)
  A centaur (D:8)
  A bullfrog (D:9)
  A wyvern zombie (D:8)
  4 scorpions
  2 howler monkeys
  4 crimson imps
  A jelly (D:8)
  A bullfrog skeleton (D:9)
  3 orc priests
  7 hounds
  3 orc wizards
  An iguana (D:8)
  7 worker ants
  7 adders
  An ooze (D:7)
  2 worms
  2 leopard geckos
  29 orcs
  A ball python (D:5)
  8 bats
  6 giant cockroaches
  8 hobgoblins
  3 jackals (D:9)
  7 kobolds
  3 quokkas
  3 frilled lizards
  12 goblins
  A leopard gecko skeleton (D:5)
  A leopard gecko zombie (D:5)
  A quokka zombie (D:5)
  6 rats
150 creatures vanquished.

Vanquished Creatures (collateral kills)
  An orc warrior (Orc:1)
  An ogre (D:9)
  A water moccasin skeleton (D:9)
  A hound (D:9)
  2 orcs (Orc:1)
6 creatures vanquished.

Vanquished Creatures (others)
  A hound skeleton (D:7)
  A leopard gecko (D:9)
  An orc (D:9)
3 creatures vanquished.

Grand Total: 159 creatures vanquished

Notes
Turn   | Place    | Note
-------+----------+-------------------------------------------
     0 | D:1      | Nimsei the Demonspawn Gladiator began the quest for the Orb.
     0 | D:1      | Reached XP level 1. HP: 16/16 MP: 1/1
   199 | D:1      | Gained mutation: You are partially covered in thin metallic scales. (AC +2) [demonic ancestry]
   199 | D:1      | Reached XP level 2. HP: 19/22 MP: 2/2
   347 | D:1      | Reached skill level 3 in Long Blades
   939 | D:2      | Reached XP level 3. HP: 24/28 MP: 3/3
  1194 | D:3      | Reached skill level 1 in Armour
  1317 | D:3      | Reached XP level 4. HP: 14/34 MP: 4/4
  1652 | D:3      | Found a radiant altar of Vehumet.
  1652 | D:3      | Found a shattered altar of Ashenzari.
  1652 | D:3      | Found a sacrificial altar of Ru.
  1652 | D:3      | Found a burning altar of Makhleb.
  1680 | D:3      | Became a worshipper of Ru the Awakened
  1717 | D:3      | Reached skill level 4 in Long Blades
  2573 | D:4      | Reached XP level 5. HP: 35/41 MP: 5/5
  2816 | D:5      | Entered Level 5 of the Dungeon
  3043 | D:5      | Found a sacrificial altar of Ru.
  3061 | D:5      | Gained mutation: Your flesh is heat resistant. (rF+) [potion of mutation]
  3061 | D:5      | Gained mutation: You are agile. (Dex +2) [potion of mutation]
  3105 | D:5      | Gained mutation: You have sharp fingernails. [demonic ancestry]
  3105 | D:5      | Reached XP level 6. HP: 43/47 MP: 6/6
  3129 | D:5      | Found an iron altar of Okawaru.
  3264 | D:5      | Reached skill level 5 in Long Blades
  3326 | D:5      | Gained mutation: You cannot study or use magical devices. [Ru sacrifice]
  3326 | D:5      | Reached * piety under Ru
  3326 | D:5      | Reached ** piety under Ru
  3326 | D:5      | Reached *** piety under Ru
  3449 | D:5      | Found a glowing silver altar of Zin.
  3476 | D:5      | Got a scorched marble ring
  3477 | D:5      | Identified the ring "Dauqoukh" {MR- EV+1 Str+6 Stlth+} (You found it on level 5 of the Dungeon)
  3829 | D:6      | Noticed a sky beast
  3849 | D:6      | Killed a sky beast
  3849 | D:6      | Reached XP level 7. HP: 23/53 MP: 7/7
  4094 | D:7      | Reached skill level 6 in Long Blades
  4113 | D:7      | Found a staircase to the Ecumenical Temple.
  4258 | Temple   | Entered the Ecumenical Temple
  4597 | D:7      | Found Optuoh's Gadget Shop.
  4611 | D:7      | Gained mutation: You expend magic power (3 MP) to strengthen your wands. [potion of mutation]
  4611 | D:7      | Gained mutation: You are dopey. (Int -2) [potion of mutation]
  4611 | D:7      | Gained mutation: You are somewhat resistant to further mutation. [potion of mutation]
  5021 | D:8      | Found a sacrificial altar of Ru.
  5098 | D:8      | Reached skill level 1 in Stealth
  5098 | D:8      | Gained mutation: You regenerate a little health from kills. [demonic ancestry]
  5098 | D:8      | Reached XP level 8. HP: 48/61 MP: 8/8
  5276 | D:8      | Noticed a green ugly thing
  5299 | D:8      | Killed a green ugly thing
  5299 | D:8      | Reached skill level 7 in Long Blades
  5304 | D:8      | Lost mutation: You are dopey. (Int -2) [potion of cure mutation]
  5304 | D:8      | Lost mutation: You are agile. (Dex +2) [potion of cure mutation]
  5304 | D:8      | Lost mutation: You expend magic power (3 MP) to strengthen your wands. [potion of cure mutation]
  5304 | D:8      | Lost mutation: Your flesh is heat resistant. (rF+) [potion of cure mutation]
  5598 | D:8      | Found a hazy altar of Hepliaklqana.
  5738 | D:8      | Reached skill level 5 in Fighting
  5880 | D:8      | Found Xigenara's Antique Weapon Emporium.
  6002 | D:8      | Bought a scimitar for 112 gold pieces
  6144 | D:9      | Reached skill level 8 in Long Blades
  6222 | D:9      | Gained mutation: A weak demonic guardian rushes to your aid. [demonic ancestry]
  6222 | D:9      | Reached XP level 9. HP: 34/68 MP: 9/9
  6439 | D:9      | Noticed a troll
  6454 | D:9      | Killed a troll
  6454 | D:9      | Reached skill level 5 in Armour
  6491 | D:9      | Gained mutation: You cannot study or cast Earth magic. [Ru sacrifice]
  6491 | D:9      | Gained mutation: You cannot study or cast Hexes magic. [Ru sacrifice]
  6491 | D:9      | Gained mutation: You cannot study or cast Summoning magic. [Ru sacrifice]
  6491 | D:9      | Reached **** piety under Ru
  6823 | D:9      | Reached skill level 9 in Long Blades
  7142 | D:9      | Found a staircase to the Orcish Mines.
  7194 | Orc:1    | Entered Level 1 of the Orcish Mines
  7256 | Orc:1    | Found a roughly hewn altar of Beogh.
  7278 | Orc:1    | Noticed Nergalle
  7307 | D:9      | HP: 3/69 [orc warrior/war axe (11)]
  7308 | D:9      | Slain by an ogre

Skill      XL: |  1  2  3  4  5  6  7  8  9 |
---------------+----------------------------+-----
Long Blades    | 3 4 5 6 8 9 |  9.2
Dodging        | 3 4 |  4.2
Armour         | 1 2 3 4 5 |  5.8
Fighting       | 3 4 5 6 |  6.0
Stealth        | 1 2 |  2.4
Short Blades   | |  0.6
Throwing       | |  1.8

Action                   |  1- 3 |  4- 6 |  7- 9 || total
-------------------------+-------+-------+-------++-------
Melee: Long sword        |   103 |   200 |   190 ||   493
       Scimitar          |       |       |    85 ||    85
       Short sword       |       |       |    67 ||    67
Invok: Sacrifice Artific |       |     1 |       ||     1
       Sacrifice Arcana  |       |       |     1 ||     1
  Use: Scroll            |     5 |     6 |     2 ||    13
       Potion            |     1 |     1 |    10 ||    12
 Stab: Sleeping          |     1 |       |       ||     1
       Distracted        |       |       |     2 ||     2
       Invisible         |       |       |     1 ||     1
  Eat: Bread ration      |     1 |       |     1 ||     2
       Chunk             |       |     5 |     3 ||     8
       Beef jerky        |       |       |     2 ||     2
       Pizza             |       |       |     1 ||     1
Armor: Leather armour    |    39 |    13 |       ||    52
       Ring mail         |       |    16 |       ||    16
       Chain mail        |       |    92 |   163 ||   255
Dodge: Dodged            |    80 |   117 |   178 ||   375
       Rpst.: Long sword |    28 |    32 |    21 ||    81
       Scimitar          |       |       |    18 ||    18
